 Dungeon Crawl Stone Soup version 0.31-a0-1606-g60c5cc7444 (webtiles) character file.

Game seed: 11049879197224746901

181 Malachi the Trooper (level 5, -3/42 HPs)
             Began as a Demonspawn Brigand on Jan 8, 2024.
             Slain by a gnoll
             ... wielding a +0 whip
              (6 damage)
             ... on level 3 of the Dungeon.
             The game lasted 00:03:39 (2576 turns).

Malachi the Trooper (Demonspawn Brigand)            Turns: 2576, Time: 00:03:39

Health: -3/42      AC:  4    Str: 11    XL:     5   Next: 34%
Magic:  5/5        EV: 11    Int: 12    God:
Gold:   122        SH:  4    Dex: 16    Spells: 4/4 levels left

rFire   . . .        a - +2 dagger
rCold   . . .        (no shield)
rNeg    . . .        b - +0 robe
rPois   .            n - +0 helmet
rElec   .            c - +0 cloak
rCorr   .            (no gloves)
SInv    +            (no boots)
Will    .....        (no amulet)
Stlth   +++          o - ring of see invisible
HPRegen 0.27/turn    (no ring)
MPRegen 0.09/turn

%: no passive effects
@: no status effects
A: hooves 1, large bone plates 1
a: no special abilities


You were on level 3 of the Dungeon.
You visited 1 branch of the dungeon, and saw 3 of its levels.

You collected 122 gold pieces.

Inventory:

Hand Weapons
 a - a +2 dagger (weapon)
 q - a +0 sling of flaming
Missiles
 d - 11 poisoned darts (quivered)
 e - 3 curare-tipped darts
 s - 2 throwing nets
Armour
 b - a +0 robe (worn)
 c - a +0 cloak (worn)
 n - a +0 helmet (worn)
Jewellery
 l - a ring of wizardry
 o - a ring of see invisible (left hand)
 t - a ring of poison resistance
Scrolls
 f - a scroll of amnesia {unknown}
 h - 2 scrolls of identify {unknown}
 i - a scroll of immolation {unknown}
 k - a scroll of revelation {unknown}
 r - a scroll of enchant armour {unknown}
Potions
 g - 2 potions of enlightenment {unknown}
 j - 2 potions of heal wounds {unknown}
 m - 2 potions of resistance {unknown}
 p - 3 potions of curing {unknown}


   Skills:
 + Level 4.1 Fighting
 + Level 3.8 Short Blades
 - Level 1.7 Throwing
 - Level 0.8 Dodging
 - Level 3.6 Stealth


You had 4 spell levels left.
You didn't know any spells.
Your spell library contained the following spells:

 Spells                   Type           Power      Damage    Failure   Level
 Ensorcelled Hibernation  Hex/Ice        0%         N/A       45%         2
 Passwall                 Erth           0%         N/A       69%         3
 Swiftness                Air            0%         N/A       69%         3


Dungeon Overview and Level Annotations

Branches:
Dungeon (3/15)

Altars:
Sif Muna
Xom

Annotations:
D:2 1 runed translucent door, exclusion: door, Crazy Yiuf


Innate Abilities, Weirdness & Mutations

You have large cloven feet.
You are partially covered in large bone plates. (SH +4)


Message History

The gnoll is moderately wounded.
You hit the gnoll but do no damage. You kick the gnoll, but do no damage.
The gnoll is moderately wounded.
The gnoll hits you with a +0 whip! The gnoll barely misses you.
You hit the gnoll but do no damage. You kick the gnoll.
The gnoll is moderately wounded.
The gnoll closely misses you. The gnoll hits you with a +0 flail!
You are too injured to fight recklessly!
You are too injured to fight recklessly!
You are too injured to fight recklessly!
You are too injured to fight recklessly!
You are too injured to fight recklessly!
You are too injured to fight recklessly!
You are too injured to fight recklessly!
You are too injured to fight recklessly!
You are too injured to fight recklessly!
You are too injured to fight recklessly!
You are too injured to fight recklessly!
You are too injured to fight recklessly!
You are too injured to fight recklessly!
You are too injured to fight recklessly!
You are too injured to fight recklessly!
You are too injured to fight recklessly!
You are too injured to fight recklessly!
You are too injured to fight recklessly!
You are too injured to fight recklessly!
You are too injured to fight recklessly!
You are too injured to fight recklessly!
You are too injured to fight recklessly!
You are too injured to fight recklessly!
You are too injured to fight recklessly!
You are too injured to fight recklessly!
Unknown command.
The gnoll attacks as it pursues you! The gnoll hits you with a +0 whip.
The gnoll attacks as it pursues you! The gnoll hits you with a +0 flail.
* * * LOW HITPOINT WARNING * * *
The gnoll attacks as it pursues you! The gnoll hits you with a +0 flail!
* * * LOW HITPOINT WARNING * * *
The gnoll attacks as it pursues you! The gnoll hits you with a +0 whip.
You die...

#...#.$_..#.#.###.#
#.#.#..?..#.#.#
#...#.....#...#
#...###'###.###
#.#.........#
#.##.##g..###
#.##...g..#######
#. ####g$........
#@#.####### #>#.#
#.#)# #.#)# #.#)#
#.#.# ####### #.#.#
......# #†#..
#####.# #.###


You could see 3 gnolls.

Vanquished Creatures
  Terence (D:2)
  An orc wizard (D:3)
  Robin (D:2)
  A gnoll (D:3)
  2 adders
  2 ribbon worms
  3 dart slugs
  4 orcs (D:3)
  5 bats
  7 endoplasms
  A giant cockroach (D:3)
  10 goblins
  9 hobgoblins
  3 jackals (D:1)
  7 ball pythons
  3 frilled lizards
  7 kobolds
  5 rats
72 creatures vanquished.

Notes
Turn   | Place    | Note
-------+----------+-------------------------------------------
     0 | D:1      | Malachi the Demonspawn Brigand began the quest for the Orb.
     0 | D:1      | Reached XP level 1. HP: 16/16 MP: 1/1
    96 | D:1      | Gained mutation: You are partially covered in large bone
                  | plates. (SH +4) [demonic ancestry]
    96 | D:1      | Reached XP level 2. HP: 23/23 MP: 2/2
   722 | D:1      | Reached XP level 3. HP: 28/28 MP: 3/3
   954 | D:2      | Noticed Terence
   971 | D:2      | Killed Terence
   972 | D:2      | Reached skill level 3 in Fighting
  1170 | D:2      | Reached XP level 4. HP: 35/35 MP: 4/4
  1258 | D:2      | Noticed Robin
  1304 | D:2      | Killed Robin
  1651 | D:2      | Found a shimmering altar of Xom.
  1849 | D:2      | Found a runed translucent door.
  1850 | D:2      | Noticed Crazy Yiuf
  2184 | D:3      | Found a shimmering blue altar of Sif Muna.
  2299 | D:3      | Reached skill level 4 in Fighting
  2299 | D:3      | Gained mutation: You have large cloven feet. [demonic
                  | ancestry]
  2299 | D:3      | Reached XP level 5. HP: 14/42 MP: 5/5
  2576 | D:3      | Slain by a gnoll

Illustrated notes

Levels and vault maps discovered:
D:1:      ncdulo_halloftheorcs, layout_basic
D:2:      layout_rooms, basic_altar, serial_bayou_lagoon_a, uniq_robin,
          uniq_terence, uniq_crazy_yiuf_cottage
D:3:      layout_loops_ring, amcnicky_altar_gilded, grunt_ministairs_8

Skill      XL: |  1  2  3  4 |
---------------+-------------+-----
Short Blades   | 2 3 |  3.8
Fighting       | 3 4 |  4.1
Throwing       | |  1.7
Dodging        | |  0.8
Stealth        | |  3.6

Action                     |  1- 3 |  4- 6 || total
---------------------------+-------+-------++-------
  Melee: Dagger            |    77 |   141 ||   218
         Punch             |     2 |     3 ||     5
         Kick              |       |     4 ||     4
   Stab: Sleeping          |    15 |     4 ||    19
         Distracted        |     1 |       ||     1
 Armour: Robe              |    33 |    72 ||   105
  Dodge: Dodged            |    35 |    48 ||    83
  Block: Other             |    12 |    10 ||    22

Table legend: (Time is in decaauts)
 A = Elapsed time spent in this place.
 B = Non-inter-level travel time spent in this place.
 C = Inter-level travel time spent in this place.
 D = Time resting spent in this place.
 E = Time spent auto-exploring this place.
 F = Levels seen in this place.
 G = Mean time per level.
                   A        B        C        D        E       F      G
               +--------+--------+--------+--------+--------+-----+--------+
         Total |   2550 |   2452 |     98 |    362 |   1502 |   3 |  850.0 |
       Dungeon |   2550 |   2452 |     98 |    362 |   1502 |   3 |  850.0 |
               +--------+--------+--------+--------+--------+-----+--------+

Top non-repeatable levels by time:
     D:2: 1059 daAuts
     D:1: 947 daAuts
     D:3: 543 daAuts
